 Dungeon Crawl Stone Soup version 0.27-a0-1296-g8ece459b43 (webtiles) character file.

Game seed: 10674885514415772972

88 Delamore the Skirmisher (level 4, 0/37 HPs)
             Began as a Formicid Fighter on June 16, 2021.
             Slain by Ijyb (8 damage)
             ... on level 2 of the Dungeon.
             The game lasted 00:01:29 (1732 turns).

Delamore the Skirmisher (Formicid Fighter)          Turns: 1732, Time: 00:01:30

Health: 0/37       AC:  8    Str: 21    XL:     4   Next: 82%
Magic:  4/4        EV:  8    Int:  8    God:
Gold:   79         SH: 14    Dex: 10    Spells: 3/3 levels left

rFire    . . .     SeeInvis +   i - +4 dagger (venom)
rCold    . . .     Faith    .   c - +0 kite shield
rNeg     . . .     Spirit   .   b - +0 scale mail
rPois    .         Reflect  +   (helmet unavailable)
rElec    .         Harm     .   (no cloak)
rCorr    .         Rampage  .   l - +0 pair of gloves
Will     .....                  (no boots)
Stlth    ..........             f - amulet of reflection
HPRegen  0.12/turn              (no ring)
MPRegen  0.09/turn              (no ring)

@: no status effects
A: permanent stasis, dig shafts and tunnels, antennae 3, four strong arms
a: Dig, Shaft Self


You were on level 2 of the Dungeon.
You visited 1 branch of the dungeon, and saw 2 of its levels.

You collected 79 gold pieces.

Inventory:

Hand Weapons
 a - a +0 trident
 i - a +4 dagger of venom (weapon)
Missiles
 h - 8 poisoned darts
Armour
 b - a +0 scale mail (worn)
 c - a +0 kite shield (worn)
 l - a +0 pair of gloves (worn)
Jewellery
 f - an amulet of reflection (around neck)
 g - a ring of see invisible
Scrolls
 j - 2 scrolls of identify
Potions
 d - a potion of might
 e - a potion of mutation
 k - 2 potions of heal wounds {unknown}


   Skills:
 + Level 4.2 Fighting
 * Level 4.0 Polearms
 - Level 3.2 Armour
 - Level 3.6 Shields


You had 3 spell levels left.
You didn't know any spells.
Your spell library was empty.

Dungeon Overview and Level Annotations

Branches:
Dungeon (2/15)

Altars:

Annotations:
D:2 Ijyb


Innate Abilities, Weirdness & Mutations

You cannot be hasted, slowed, berserked, paralysed or teleported.
You can dig through walls and to a lower floor.
You have a pair of large antennae on your head. (SInv)
Your four strong arms can wield two-handed weapons with a shield.


Message History

You are too injured to fight recklessly!
You are too injured to fight recklessly!
You are too injured to fight recklessly!
You are too injured to fight recklessly!
You are too injured to fight recklessly!
You are too injured to fight recklessly!
You are too injured to fight recklessly!
You are too injured to fight recklessly!
You are too injured to fight recklessly!
You are too injured to fight recklessly!
You are too injured to fight recklessly!
You are too injured to fight recklessly!
You are too injured to fight recklessly!
You are too injured to fight recklessly!
You are too injured to fight recklessly!
Okay, then.
You extend your mandibles.
You dig through the rock wall.
You dig through the rock wall.
You retract your mandibles.
You extend your mandibles.
You dig through the rock wall.
You dig through the rock wall.
You dig through the rock wall.
You retract your mandibles.
You hit the goblin.
The goblin is poisoned.
The goblin is almost dead.
You block the goblin's attack.
Your shield and scale mail prevent you from hitting the goblin.
The goblin is almost dead.
You kill the goblin!
Your shield and scale mail prevent you from hitting the goblin.
The goblin hits you but does no damage.
You closely miss the goblin. The goblin closely misses you.
You block the goblin's attack.
You hit the goblin.
You kill the goblin!
Your Polearms skill increases to level 4!
Ijyb grins evilly.
Ijyb hits you with a +3 dagger of pain!
You die...

### #.. { #.# #.#
#.###### #.#
#.......
######.############
#.##............###
##@#.#.########..).
####g##.#.# #####
#.......#.# #
##.#.###.#.# #
#...######## #
#..8.8.8.8. .#
#...)......
.#.########
#..)......)
#..........
#..........
#.#...#....


You could see Ijyb (strong, poisoned).

Vanquished Creatures
  A hound (D:2)
  A worm (D:2)
  A dart slug (D:1)
  5 endoplasms (D:1)
  4 giant cockroaches
  16 goblins
  7 hobgoblins
  5 ball pythons
  2 bats
  4 rats
46 creatures vanquished.

Notes
Turn   | Place    | Note
-------+----------+-------------------------------------------
     0 | D:1      | Delamore the Formicid Fighter began the quest for the Orb.
     0 | D:1      | Reached XP level 1. HP: 18/18 MP: 1/1
   207 | D:1      | Reached XP level 2. HP: 15/24 MP: 2/2
   864 | D:1      | Reached XP level 3. HP: 30/30 MP: 3/3
  1532 | D:2      | Reached XP level 4. HP: 31/37 MP: 4/4
  1710 | D:2      | Noticed Ijyb
  1732 | D:2      | Slain by Ijyb

Illustrated notes

Levels and vault maps discovered:
D:1:      psy_arrival_whirlpool, layout_loops_corners
D:2:      kennysheep_the_goblin_king, layout_loops_ring, minmay_octomino_c4,
          uniq_sigmund

Skill      XL: |  1  2  3  4 |
---------------+-------------+-----
Polearms       | 3 4 |  4.0
Fighting       | 4 |  4.2
Armour         | |  3.2
Shields        | |  3.6

Action                   |  1- 3 |  4- 6 || total
-------------------------+-------+-------++-------
Melee: Trident           |   111 |       ||   111
       Dagger            |    17 |    33 ||    50
 Abil: Dig               |     1 |     2 ||     3
  Use: Scroll            |     3 |       ||     3
Armor: Scale mail        |    38 |    10 ||    48
Dodge: Dodged            |    32 |    11 ||    43
Block: Kite shield       |    87 |    34 ||   121
       Reflection        |     2 |       ||     2

Table legend: (Time is in decaauts)
 A = Elapsed time spent in this place.
 B = Non-inter-level travel time spent in this place.
 C = Inter-level travel time spent in this place.
 D = Time resting spent in this place.
 E = Time spent auto-exploring this place.
 F = Levels seen in this place.
 G = Mean time per level.
                   A        B        C        D        E       F      G
               +--------+--------+--------+--------+--------+-----+--------+
         Total |   1781 |   1757 |     24 |      0 |   1409 |   2 |  890.5 |
       Dungeon |   1781 |   1757 |     24 |      0 |   1409 |   2 |  890.5 |
               +--------+--------+--------+--------+--------+-----+--------+

Top non-repeatable levels by time:
     D:1: 1136 daAuts
     D:2: 644 daAuts
